 Dungeon Crawl Stone Soup version 0.19-a0-742-g4563caa (console) character file.

39 lauthentik the Shooter (level 3, 0/29 HPs)
             Began as a Centaur Hunter on June 23, 2016.
             Hit by a goblin thrown by Robin (1 damage)
             ... on level 2 of the Dungeon.
             The game lasted 00:02:57 (1361 turns).

lauthentik the Shooter (Centaur Hunter)             Turns: 1361, Time: 00:02:58

Health: 0/29       AC:  5    Str: 15    XL:     3   Next: 28%
Magic:  3/3        EV:  8    Int: 10    God:
Gold:   55         SH:  0    Dex:  9    Spells: 0 memorised, 2 levels left

rFire  . . .     SeeInvis .     o - +0 falchion
rCold  . . .     Gourm    .     g - +0 ring mail
rNeg   . . .     Faith    .     (no shield)
rPois  .         Spirit   .     (no helmet)
rElec  .         Dismiss  .     (no cloak)
rCorr  .         Reflect  .     (no gloves)
SustAt .         Harm     .     (no barding)
MR     .....                    (no amulet)
Stlth  ..........               (no ring)
                                (no ring)

@: very quick, not resistant to hostile enchantments, extremely unstealthy
A: hooves 3, deformed body, speed 2, tough skin 3
a: no special abilities


You were on level 2 of the Dungeon.
You were not hungry.

You visited 1 branch of the dungeon, and saw 2 of its levels.

You collected 55 gold pieces.

Inventory:

Hand Weapons
 a - a +1 shortbow
 b - a +0 short sword
 o - a +0 falchion (weapon)
Missiles
 d - 19 arrows
Armour
 c - a +0 leather armour
 g - a +0 ring mail (worn)
 h - a +0 swamp dragon armour
Scrolls
 k - 2 scrolls of remove curse {unknown}
 l - a scroll of teleportation {unknown}
 m - 3 scrolls of identify {unknown}
 n - a scroll of recharging {unknown}
Potions
 e - a potion of curing {unknown}
 j - 3 potions of lignification {unknown}
 p - a potion of ambrosia {unknown}
Comestibles
 f - 3 bread rations
 i - a slice of pizza


   Skills:
 + Level 2.0 Fighting
 + Level 6.5 Bows
 + Level 0.2 Armour
 + Level 1.5 Dodging
 + Level 0.6 Stealth


You had 2 spell levels left.
You didn't know any spells.

Dungeon Overview and Level Annotations

Branches:
Dungeon (2/15)

Altars:

Annotations:
D:2 Robin


Innate Abilities, Weirdness & Mutations

You have hooves in place of feet.
Armour fits poorly on your strangely shaped body.
You cover ground very quickly.
You have extremely tough skin. (AC +3)


Message History

The hobgoblin hits you but does no damage.
You hear a shout!
You hit the hobgoblin.
You kill the hobgoblin!
The goblin hits you but does no damage. x2
A goblin comes into view. It is wielding a dagger.
You closely miss the goblin. Your kick misses the goblin.
The goblin hits you with a club. The goblin hits you.
* * * LOW HITPOINT WARNING * * *
You hit the goblin.
The goblin is moderately wounded.
The goblin hits you but does no damage. The goblin hits you.
* * * LOW HITPOINT WARNING * * *
A goblin comes into view.
You closely miss the goblin. You kick the goblin.
You kill the goblin!
The goblin barely misses you.
Robin says, "Duck!"
Robin throws the goblin at you!
You die...

#...#.###.## #...#
#.........##.##...#
#...#.######.#....###..
.....................
#...#.######......#
##.##.# #.g.###.#
####.# #ggg....# #...#
##g###### #.### #@# #.#
#g# .# #.# #.# .# #.#
#.#########.## #.#
#.#..........#####
###.# #.#.#####........
....# #.#.######...#.##
##### #.......##..#...#
###.#...........#


You could see Robin, a hobgoblin and 4 goblins.

Vanquished Creatures
  An adder (D:2)
  An ooze (D:1)
  A giant gecko (D:1)
  8 goblins
  3 hobgoblins
  A kobold (D:1)
  3 bats (D:1)
  A giant newt (D:1)
  6 rats
25 creatures vanquished.

Notes
Turn   | Place    | Note
--------------------------------------------------------------
     0 | D:1      | lauthentik the Centaur Hunter began the quest for the Orb.
     0 | D:1      | Reached XP level 1. HP: 17/17 MP: 1/1
   196 | D:1      | Reached XP level 2. HP: 20/24 MP: 2/2
   312 | D:1      | Reached skill level 6 in Bows
  1209 | D:2      | Reached XP level 3. HP: 16/29 MP: 3/3
  1353 | D:2      | Noticed Robin
  1360 | D:2      | HP: 1/29 [goblin[Robin] (4)]
  1361 | D:2      | Hit by a goblin thrown by Robin

Vault maps used:
D:1:      dpeg_arrival_chase, st_stairs_13
D:2:      uniq_robin

Skill      XL: |  1  2 |
---------------+-------+-----
Bows           | 6 |  6.5
Fighting       | |  2.0
Armour         | |  0.2
Dodging        | |  1.5
Stealth        | |  0.6

Action                   || total
-------------------------++-------
Melee: Short sword       ||    38
       Kick              ||     5
       Falchion          ||    12
 Fire: Shortbow          ||    15
Armor: Ring mail         ||    22
Dodge: Dodged            ||    21
